Map: Lerilak Crest

Players

Max - Winner!

  • Race: Terran Terran
  • League: Diamond

LilDicky

  • Race: Terran Terran
  • League: Diamond

VOD

http://www.twitch.tv/tumescentpie

Description

Time

  • Played on: Jan. 2, 2016, 6:04 p.m.
  • Length: 18:45
Show
View Real Time Build Order
Export as new Build Order

Max Terran - Winner!

Build Orders: Reaper Expand, Bio Tank 

Get SALT Encoding   

  12  0:00  SCV  
  13  0:12  SCV  
  14  0:17  Supply Depot  
  14  0:25  SCV  
  15  0:39  SCV  
  16  0:45  Barracks  
  16  0:46  Refinery  
  16  0:51  SCV  
  17  1:03  SCV  
  18  1:15  SCV  
  19  1:32  Reaper  
  21  1:34  Orbital Command  
  20  1:49  Command Center  
  20  1:59  SCV  
  21  2:06  Refinery  
  21  2:07  Factory  
  21  2:10  Supply Depot  
  21  2:12  SCV  
  22  2:16  Marine  
  23  2:30  Bunker  
  23  2:33  SCV  
  25  2:38  Barracks Tech Lab  
  24  2:45  SCV  
  25  2:54  Barracks  
  25  3:04  Orbital Command  
  25  3:05  SCV  
  25  3:09  Marine  
  27  3:13  Bunker  
  27  3:15  Cyclone  
  30  3:27  Marine  
  30  3:30  SCV  
  33  3:41  SCV  
  33  3:42  SCV  
  33  3:45  Marine  
  35  3:51  Starport  
  35  3:53  SCV  
  35  3:54  SCV  
  37  3:57  Barracks Tech Lab  
  37  4:04  Supply Depot  
  37  4:05  SCV  
  37  4:07  SCV, Siege Tank  
  42  4:14  Marine  
  43  4:17  SCV  
  43  4:18  Supply Depot  
  43  4:21  SCV  
  45  4:26  Engineering Bay, Marine  
  45  4:29  SCV, Medivac  
  49  4:33  SCV  
  49  4:37  Marine  
  51  4:39  Siege Tank  
  51  4:44  Marine  
  55  4:55  Marine  
  55  4:59  Medivac  
  58  5:02  Marine  
  59  5:08  SCV x2  
  59  5:12  Barracks  
  61  5:14  Engineering Bay  
  61  5:16  Refinery  
  61  5:17  Refinery  
  61  5:20  SCV  
  62  5:23  Barracks Reactor, Marine  
  62  5:24  Barracks  
  62  5:28  Supply Depot  
  62  5:29  Supply Depot, Stimpack  
  62  5:31  SCV  
  62  5:32  SCV  
  62  5:35  Supply Depot  
  64  5:43  SCV  
  64  5:44  SCV  
  66  5:56  SCV  
  59  5:57  Siege Tank, Marine  
  59  6:00  Marine x2  
  59  6:01  Barracks Reactor  
  58  6:15  Marine  
  58  6:18  Marine x2  
  57  6:27  Supply Depot  
  57  6:30  Supply Depot  
  57  6:32  Orbital Command  
  56  6:33  Marine  
  56  6:35  Marine  
  56  6:36  Marine  
  59  6:40  Siege Tank  
  59  6:45  Marine x2  
  64  6:48  Viking  
  64  6:51  Marine  
  64  6:53  Marine  
  68  6:55  Marine  
  69  7:03  Marine x2  
  71  7:09  Marine  
  71  7:13  Marine x2  
  74  7:18  Viking  
  74  7:22  Marine  
  76  7:23  Marine  
  78  7:33  Marine x2  
  78  7:34  Marine  
  81  7:40  Marine x2  
  74  7:51  Marine x3  
  74  7:58  Marine x2  
  75  8:06  Siege Tank  
  75  8:09  Marine x2  
  80  8:17  Medivac  
  69  8:34  Marine  
  69  8:35  Marine x2  
  72  8:53  Marine x2  
  74  9:00  Marine x2  
  74  9:01  Siege Tank, Marine  
  64  9:10  Orbital Command  
  64  9:11  Marine  
  60  9:38  SCV x2  
  60  9:42  Marine x5  
  65  9:47  Medivac  
  65  9:50  SCV x2  
  69  9:57  Supply Depot  
  69  9:59  Marine x2  
  69  10:00  Marine  
  72  10:08  SCV  
  72  10:12  Marine x2  
  75  10:20  Command Center  
  76  10:21  SCV x2  
  76  10:23  Marine x3  
  76  10:24  Siege Tank  
  83  10:29  Combat Shields  
  83  10:38  SCV x2  
  83  10:40  Marine x2  
  83  10:41  Marine  
  88  10:43  Marine x2  
  89  10:50  SCV x2  
  91  10:58  Marine x2  
  91  10:59  Siege Tank, Marine  
  97  11:05  Marine x2  
  97  11:07  SCV x2  
  97  11:10  Supply Depot, Refinery x2  
  101  11:13  Supply Depot  
  101  11:16  Marine  
  102  11:20  Marine  
  102  11:25  Starport Reactor  
  102  11:31  Marine  
  103  11:33  Supply Depot  
  103  11:35  Supply Depot x2  
  103  11:37  Terran Infantry Weapons Level 1  
  103  11:41  Orbital Command  
  103  11:42  SCV x2  
  105  11:50  Marine x3  
  108  11:59  Marine x2  
  106  12:07  Marine  
  106  12:08  Marine x2  
  109  12:17  Marine x2  
  109  12:20  Viking x2  
  115  12:25  Marine x2  
  115  12:26  Marine  
  118  12:35  Marine x2  
  112  12:43  Marine  
  111  12:51  Viking x2, Marine  
  115  12:52  Marine  
  115  12:54  SCV x3  
  118  13:06  SCV x2  
  120  13:17  Marine  
  115  13:21  Marine  
  106  13:27  Command Center  
  106  13:32  Marine x2  
  102  13:43  Marine  
  102  13:45  Marine  
  104  13:54  Marine  
  98  14:03  Marine x2  
  96  14:17  Orbital Command  
  96  14:26  Marine x4  
  96  14:28  Siege Tank  
  103  14:34  Marine  
  104  14:44  Marine x2  
  99  14:49  Marine x2  
  99  14:51  Marine  
  93  14:59  SCV  
  95  15:02  Marine  
  95  15:10  SCV x2  
  98  15:19  SCV  
  98  15:20  Orbital Command  
  98  15:22  SCV  
  98  15:23  Medivac x2  
  103  15:32  Siege Tank  
  103  15:33  Marine x4  
  103  15:34  SCV  
  111  15:39  SCV x2  
  113  15:43  Marine  
  113  15:46  SCV  
  115  15:53  Medivac x2  
  119  16:00  SCV x3  
  122  16:05  Siege Tank  
  122  16:06  Armory  
  122  16:09  Terran Infantry Armor Level 1  
  125  16:14  Factory  
  125  16:16  Barracks  
  125  16:17  SCV x2  
  125  16:18  Starport  
  127  16:19  Marine x5  
  131  16:37  Marine x5  
  131  16:39  Siege Tank  
  115  16:54  Viking x2  
  115  16:55  SCV, Marine x5  
  118  17:11  Siege Tank  
  117  17:26  Marine x3  
  117  17:27  Marine  
  121  17:34  Marine  
  120  17:39  Medivac x2  
  120  17:40  SCV x2  
  123  17:44  Marine  
  122  17:52  SCV x2  
  124  18:03  Siege Tank  
  124  18:04  SCV, Marine x5  
Show
View Real Time Build Order
Export as new Build Order

LilDicky Terran 

Build Orders: Command Center First (CC), Liberator Opening 

Get SALT Encoding   

  12  0:02  SCV  
  13  0:14  SCV  
  14  0:26  SCV  
  15  0:29  Supply Depot  
  15  0:51  SCV  
  16  1:03  Command Center, SCV  
  17  1:18  Barracks  
  17  1:20  SCV  
  18  1:31  Refinery x2  
  18  1:54  SCV  
  19  2:09  Supply Depot, Marine  
  19  2:10  Orbital Command  
  19  2:15  Orbital Command  
  20  2:29  Factory  
  20  2:32  Marine  
  21  2:46  SCV x2  
  23  2:53  Marine  
  23  2:58  SCV  
  25  3:01  SCV  
  25  3:10  SCV  
  26  3:13  SCV  
  26  3:16  Factory Tech Lab  
  26  3:19  Starport  
  26  3:30  Marine  
  26  3:31  SCV  
  28  3:39  Liberator  
  28  3:44  Siege Tank  
  28  3:45  SCV  
  28  3:48  Marine  
  33  3:50  SCV  
  33  3:53  Barracks  
  33  3:54  Barracks  
  38  4:02  SCV, Refinery  
  38  4:04  SCV  
  38  4:07  Marine  
  40  4:15  SCV  
  40  4:17  Siege Tank  
  44  4:23  SCV  
  45  4:25  Marine  
  45  4:26  Supply Depot  
  46  4:34  Engineering Bay  
  46  4:36  SCV  
  46  5:01  Marine  
  46  5:04  Liberator  
  46  5:06  Marine  
  46  5:07  Missile Turret  
  46  5:21  Siege Tank  
  46  5:22  SCV  
  46  5:23  SCV  
  54  5:29  Supply Depot  
  54  5:30  Supply Depot, Marine x3  
  57  5:36  SCV  
  58  5:47  Marine  
  55  6:15  Marine x2  
  55  6:17  Marine  
  53  6:33  Marine  
  53  6:35  Viking  
  53  6:39  SCV  
  57  6:40  Marine x2  
  57  6:46  Command Center  
  59  6:51  Marine  
  60  6:58  Marine  
  60  7:01  SCV x2, Marine  
  63  7:04  Hi-Sec Auto Tracking  
  61  7:08  Marine  
  61  7:11  Missile Turret  
  61  7:13  SCV x2  
  64  7:16  Marine  
  64  7:19  Marine  
  66  7:25  SCV  
  66  7:26  Marine  
  68  7:33  Marine  
  68  7:37  Marine  
  68  7:44  Marine  
  68  7:47  Viking, Siege Tank  
  71  7:51  Marine  
  71  7:55  Marine  
  65  8:03  Marine  
  65  8:09  Marine  
  66  8:12  Marine  
  64  8:22  Orbital Command  
  64  8:24  SCV x2  
  66  8:32  Siege Tank, Marine x3  
  72  8:36  SCV x2  
  71  8:48  SCV  
  71  8:50  Marine x2  
  47  9:12  Marine  
  47  9:13  Marine x2  
  41  9:17  Siege Tank  
  41  9:19  SCV x2  
  46  9:24  SCV  
  46  9:29  Viking  
  46  9:30  Marine  
  51  9:31  SCV x2  
  51  9:33  Starport  
  51  9:34  Factory, Refinery  
  51  9:35  Factory  
  51  9:36  SCV  
  51  9:37  Factory  
  53  9:39  Refinery  
  53  9:43  SCV  
  53  9:45  SCV, Marine  
  55  9:46  Marine  
  55  9:47  Command Center  
  55  9:51  Marine  
  58  9:54  SCV  
  58  9:55  SCV  
  60  10:00  Infernal Pre-Igniter  
  60  10:03  Marine  
  60  10:05  Siege Tank  
  60  10:06  Marine  
  65  10:14  Liberator  
  65  10:15  Liberator  
  67  10:21  Hellion x2  
  67  10:22  Sensor Tower  
  67  10:24  Factory Tech Lab  
  69  10:29  Missile Turret  
  75  10:36  SCV x2  
  77  10:43  SCV  
  77  10:48  SCV x2  
  80  10:54  Missile Turret  
  80  10:55  SCV  
  81  10:58  Supply Depot  
  81  10:59  Marine  
  81  11:00  SCV, Marine x2  
  81  11:01  Supply Depot  
  81  11:03  Hellion  
  87  11:05  Missile Turret  
  87  11:07  Hellion  
  89  11:12  SCV, Armory  
  88  11:35  SCV x2  
  90  11:49  Medivac x2  
  94  12:04  SCV x2  
  96  12:11  Sensor Tower  
  96  12:12  Missile Turret  
  96  12:22  Factory Tech Lab x2  
  96  12:24  Hellion x2  
  95  12:41  Viking x2  
  89  13:10  SCV x4  
  89  13:11  Viking x2  
  74  13:41  Viking x2  
  74  13:46  Orbital Command  
  74  13:47  Marine x2  
  74  13:48  Marine  
  81  13:51  Hellion, Siege Tank x2  
  81  13:52  Hellion  
  86  14:05  SCV x2, Marine x2  
  89  14:11  Viking x2  
  89  14:13  Hellion, Siege Tank  
  90  14:23  Hellion, Siege Tank  
  95  14:34  Hellion  
  97  14:41  Viking  
  97  14:44  Siege Tank  
  97  14:45  Hellion  
  99  14:49  Bunker  
  99  14:50  Bunker  
  99  14:52  Liberator  
  85  14:53  Bunker  
  85  14:55  Siege Tank  
  85  14:56  Hellion  
  83  15:06  Siege Tank  
  86  15:09  Starport x2  
  86  15:13  Marine x3  
  92  15:15  Starport Tech Lab  
  92  15:16  Siege Tank  
  92  15:17  Siege Tank  
  92  15:20  Supply Depot  
  98  15:27  Siege Tank  
  101  15:30  Marine  
  101  15:31  Marine  
  101  15:33  SCV x2  
  105  15:43  Command Center  
  105  15:44  Building Armor, Missile Turret  
  105  15:49  Missile Turret  
  97  15:52  Marine  
  97  15:53  Marine  
  96  16:38  Marine x2  
  94  16:40  Hellion, Starport Tech Lab x2  
  88  16:59  Banshee x3  
  97  17:02  Hellion x2, Siege Tank  
  97  17:03  Siege Tank  
  97  17:04  SCV x2  
  90  17:23  Siege Tank  
  90  17:24  Siege Tank  
  96  17:35  Hellion x2  
  85  17:55  Siege Tank  
  85  17:56  Hellion, Siege Tank x2  
  82  18:14  Refinery  
  82  18:19  Marine x3  
Tags
 
Add a new tag
Caveats
  • Supply blocks, unpowered buildings, or Contaminate may cause inaccurate times.
  • Supply counts are checked every 10 seconds.